 Dungeon Crawl Stone Soup version 0.22-a0-422-g9628fc8 (webtiles) character file.

135 Borgoz the Skirmisher (level 5, 0/46 HPs)
             Began as a Ghoul Abyssal Knight on May 17, 2018.
             Was a Follower of Lugonu.
             Slain by an adder (4 damage)
             ... on level 3 of the Dungeon.
             The game lasted 00:05:15 (1975 turns).

Borgoz the Skirmisher (Ghoul Abyssal Knight)        Turns: 1975, Time: 00:05:16

Health: 0/46       AC:  3    Str: 14 (16) XL:     5   Next: 18%
Magic:  6/6        EV: 12    Int:  5 (7)  God:    Lugonu [*.....]
Gold:   58         SH:  0    Dex:  9      Spells: 4/4 levels left

rFire    + . .     SeeInvis .     - Unarmed
rCold    . . .     Gourm    .   (no shield)
rNeg     + + +     Faith    .   a - +0 leather armour
rPois    ∞         Spirit   .   (no helmet)
rElec    .         Reflect  .   (no cloak)
rCorr    .         Harm     .   (no gloves)
MR       .....                  (no boots)
Stlth    +.........             (no amulet)
HPRegen  0.00/turn              d - ring of fire
MPRegen  0.10/turn              (no ring)

@: rotting
A: rotting body, claws 1, carnivore, cold resistance 1, negative energy
resistance 3, inhibited regeneration, torment resistance, unbreathing
a: Depart the Abyss, Renounce Religion


You were on level 3 of the Dungeon.
You worshipped Lugonu.
Lugonu was aware of your devotion.
You were not hungry.

You visited 1 branch of the dungeon, and saw 4 of its levels.
You visited the Abyss 1 time.

You collected 58 gold pieces.

Inventory:

Armour
 a - a +0 leather armour (worn)
Jewellery
 d - a ring of fire (left claw)
Scrolls
 c - a scroll of teleportation {unknown}
 e - 2 scrolls of remove curse
 f - 5 scrolls of random uselessness
 g - a scroll of immolation
Potions
 i - a potion of brilliance
Comestibles
 b - 5 rations


   Skills:
 + Level 4.0 Fighting
 + Level 2.6 Armour
 + Level 2.0 Dodging
 + Level 3.1 Unarmed Combat
 + Level 3.0 Invocations


You had 4 spell levels left.
You didn't know any spells.
Your spell library was empty.

Dungeon Overview and Level Annotations

Branches:
Dungeon (4/15)
 Temple: D:4-7

Altars:
Nemelex Xobeh

Annotations:
D:2 1 runed door, Sigmund
D:3 Veiltonx's ghost, amateur DrFE


Innate Abilities, Weirdness & Mutations

Your body is rotting away.
You thrive on raw meat.
You are immune to poison.
You have sharp fingernails.
You are carnivorous and can eat meat at any time.
Your flesh is cold resistant. (rC+)
You are immune to negative energy. (rN+++)
You do not regenerate when monsters are visible.
You are immune to unholy pain and torment.
You can survive without breathing.


Message History

You scratch the adder but do no damage.
The adder is heavily wounded.
The adder bites you.
* * * LOW HITPOINT WARNING * * *
You closely miss the adder.
The adder is heavily wounded.
The adder bites you.
* * * LOW HITPOINT WARNING * * *
You miss the adder.
The adder is heavily wounded.
The adder barely misses you. The adder bites you.
* * * LOW HITPOINT WARNING * * *
You closely miss the adder.
The adder is heavily wounded.
The adder closely misses you.
Okay, then.
You closely miss the adder.
The adder is heavily wounded.
The adder bites you.
You die...

# #.###.##.#..#
.... # ### #.#
# .# #?.#. #
#.# #. # ......
# #.#
.#..#####.#..#.
# #..
.....(.........
# #..
######.........
# #..
#K.###..#. #S##
.# #@#
#≈≈≈≈≈#.#
###+###.. ...#
...# #####


You could see an adder and a kobold.

Vanquished Creatures
  A worker ant (D:4)
  Robin (D:2)
  4 adders
  An ooze (D:3)
  2 worms (D:2)
  4 dart slugs (D:1)
  3 bats
  4 giant cockroaches
  8 goblins
  8 hobgoblins
  5 kobolds
  A quokka (D:2)
  3 frilled lizards
  4 rats
49 creatures vanquished.

Notes
Turn   | Place    | Note
-------+----------+-------------------------------------------
     0 | Abyss:1  | Borgoz the Ghoul Abyssal Knight began the quest for the Orb.
     0 | Abyss:1  | Reached XP level 1. HP: 19/19 MP: 1/1
     6 | Abyss:2  | Noticed an apocalypse crab
    18 | D:1      | Escaped the Abyss
    28 | D:1      | Reached skill level 1 in Dodging
    89 | D:1      | Reached XP level 2. HP: 9/26 MP: 2/2
   116 | D:1      | Reached * piety under Lugonu
   484 | D:1      | Reached XP level 3. HP: 31/31 MP: 3/3
   919 | D:2      | HP: 1/30 [adder (3)]
  1222 | D:2      | Reached XP level 4. HP: 36/40 MP: 4/4
  1293 | D:2      | Found a sparkling altar of Nemelex Xobeh.
  1535 | D:2      | Noticed Robin
  1554 | D:2      | Killed Robin
  1703 | D:2      | Found a runed door.
  1780 | D:2      | Noticed Sigmund
  1786 | D:2      | You fall through a shaft!
  1787 | D:3      | Noticed Veiltonx's ghost (amateur DrFE)
  1923 | D:4      | Reached skill level 4 in Fighting
  1923 | D:4      | Reached XP level 5. HP: 10/46 MP: 6/6
  1975 | D:3      | Slain by an adder

Vault maps used:
D:1:      minmay_arrival_five_plusses, minmay_hexomino_u4
D:2:      nemelex_xobeh_ov_fountains_minmay, minmay_strange_pillars,
          wad_floor_pattern_1, uniq_crazy_yiuf_cottage, uniq_sigmund, uniq_robin
D:3:      first_ration, portal_sewer_entry_c, uniq_ijyb, uniq_grinder
D:4:      minmay_wonky_spiral, minitemple, nicolae_overflow_hidden_temple,
          okawaru_metal_pillars_1_2
Abyss:1:  guppyfry_abyss_exit_glass_guarded

Skill      XL: |  1  2  3  4 |
---------------+-------------+-----
Dodging        | 1 2 |  2.0
Armour         | 2 |  2.6
Unarmed Combat | 3 |  3.1
Fighting       | 4 |  4.0
Invocations    | 3 |  3.0

Action                   |  1- 3 |  4- 6 || total
-------------------------+-------+-------++-------
Melee: Unarmed           |   123 |    92 ||   215
       Punch             |       |     1 ||     1
Invok: Depart the Abyss  |     1 |       ||     1
  Use: Scroll            |       |     5 ||     5
       Potion            |       |     3 ||     3
  Eat: Chunk             |     7 |     9 ||    16
Armor: Leather armour    |    23 |    18 ||    41
Dodge: Dodged            |    71 |    74 ||   145

Table legend:
 A = Spawn XP
 B = Non-spawn XP
 C = Spawn XP percentage of total XP
 D = Spawn monster count
 E = Non-spawn monster count
 F = Spawn count percentage of total count
 G = Total turns spent on level
                    A         B        C        D         E        F      G
               +---------+---------+-------+---------+---------+-------+---------
         Total |       0 |     193 |   0.0 |       0 |      49 |   0.0 |  1975
               +---------+---------+-------+---------+---------+-------+---------
           D:1 |       0 |      47 |   0.0 |       0 |      23 |   0.0 |   864
           D:2 |       0 |      91 |   0.0 |       0 |      22 |   0.0 |   904
           D:3 |       0 |       9 |   0.0 |       0 |       2 |   0.0 |    63
           D:4 |       0 |      46 |   0.0 |       0 |       2 |   0.0 |   126
               +---------+---------+-------+---------+---------+-------+---------
